 Dungeon Crawl Stone Soup version 0.26-a0-651-gb41185065b (webtiles) character file.

Game seed: 6447627749129713929

184 Lanoc the Grasshopper (level 5, -8/52 HPs)
             Began as a Troll Warper on Oct 6, 2020.
             Mangled by a hornet zombie (13 damage)
             ... on level 4 of the Dungeon.
             The game lasted 00:03:31 (1928 turns).

Lanoc the Grasshopper (Troll Warper)                Turns: 1928, Time: 00:03:32

Health: -8/52      AC:  7    Str: 16 (19) XL:     5   Next: 36%
Magic:  5/5        EV: 10    Int:  7 (9)  God:
Gold:   178        SH:  0    Dex:  9 (10) Spells: 4/6 levels left

rFire    . . .     SeeInvis .     - Unarmed
rCold    . . .     Faith    .   (no shield)
rNeg     . . .     Spirit   .   a - +0 robe
rPois    .         Reflect  .   (helmet restricted)
rElec    .         Harm     .   s - +0 cloak
rCorr    .         Rampage  .   (gloves unavailable)
MR       .....                  (boots unavailable)
Stlth    +.........             (no amulet)
HPRegen  0.57/turn              (no ring)
MPRegen  0.09/turn              (no ring)

@: no status effects
A: large, unfitting armour, claws 3, regeneration 1, shaggy fur 1, tough skin 3
a: no special abilities


You were on level 4 of the Dungeon.
You visited 1 branch of the dungeon, and saw 4 of its levels.

You collected 178 gold pieces.

Inventory:

Hand Weapons
 r - a +2 quarterstaff of chaos
Missiles
 d - 4 boomerangs of dispersal (quivered)
 t - 2 boomerangs
Armour
 a - a +0 robe (worn)
 s - a +0 cloak (worn)
Scrolls
 c - a scroll of blinking
 f - a scroll of fog {unknown}
 g - 4 scrolls of identify {unknown}
 i - a scroll of enchant armour {unknown}
 k - a scroll of noise {unknown}
 m - 2 scrolls of teleportation {unknown}
 n - a scroll of amnesia {unknown}
 o - a scroll of fear {unknown}
 q - a scroll of remove curse {unknown}
Potions
 e - a potion of stabbing {unknown}
 h - a potion of flight {unknown}
 j - a potion of mutation {unknown}
 l - a potion of heal wounds {unknown}
 p - a potion of curing {unknown}


   Skills:
 + Level 2.8 Fighting
 - Level 1.7 Throwing
 + Level 2.9 Dodging
 - Level 2.0 Unarmed Combat
 - Level 1.2 Spellcasting
 * Level 3.1 Translocations


You had 4 spell levels left.
You knew the following spells:

 Your Spells              Type           Power        Failure   Level
a - Blink                 Tloc           N/A          17%         2

Your spell library contained the following spells:

 Spells                   Type           Power        Failure   Level
 Gell's Gravitas          Tloc           #.........   34%         3
 Lesser Beckoning         Tloc           #.........   34%         3
 Teleport Other           Tloc           #.......     34%         3
 Passage of Golubria      Tloc           N/A          75%         4
 Haunt                    Necr/Summ      #.........   100%        7
 Borgnjor's Revivificati  Necr           #.........   100%        8
 Infestation              Necr           #.........   100%        8
 Necromutation            Tmut/Necr      #.........   100%        8
 Death's Door             Necr           #.........   100%        9


Dungeon Overview and Level Annotations

Branches:
Dungeon (4/15)
 Temple: D:4-7

Altars:
Dithmenos


Innate Abilities, Weirdness & Mutations

You are too large for most types of armour.
You have claws for hands.
Your natural rate of healing is unusually fast.
You are covered in fur. (AC +1)
You have extremely tough skin. (AC +3)


Message History

The hornet zombie is heavily damaged.
The hornet zombie barely misses you.
You claw the hornet zombie!
The hornet zombie is severely damaged.
The hornet zombie hits you!
* * * LOW HITPOINT WARNING * * *
The hornet zombie barely misses you.
Throwing (i - inventory. (/) - cycle)
d - 5 boomerangs of dispersal (quivered)
Press: ? - help, Shift-Dir - straight line, f - hornet zombie
Aim: a hornet zombie (severely damaged)
You throw a boomerang of dispersal.
The boomerang of dispersal hits the hornet zombie but does no damage.
The hornet zombie is severely damaged.
The hornet zombie hits you.
* * * LOW HITPOINT WARNING * * *
It was a potion of degeneration.
There was something very wrong with that liquid.
You feel weakened.
You feel dopey.
You feel clumsy. The hornet zombie hits you!
You die...

#...........#
#...........#
#...........#
#..........#
#####.........#
#............#
#..........#
#..........#
#.#......#@#
#.#.##.###Z.#
..#####.#.##.#
##.#
......<.#....##
..
..###.........#
#.#
....<..........#
..
####.........#.#
#.#
...<.........#
.#
###.........###


You could see a hornet zombie.

Vanquished Creatures
  Crazy Yiuf (D:3)
  A hound (D:3)
  4 adders
  An ooze (D:2)
  A worm (D:2)
  4 dart slugs
  2 leopard geckos (D:2)
  4 orcs (D:3)
  8 goblins
  6 hobgoblins
  6 jackals
  A quokka (D:3)
  9 bats
  2 frilled lizards (D:1)
  13 kobolds
  9 rats
72 creatures vanquished.

Notes
Turn   | Place    | Note
-------+----------+-------------------------------------------
     0 | D:1      | Lanoc the Troll Warper began the quest for the Orb.
     0 | D:1      | Reached XP level 1. HP: 19/19 MP: 1/1
   145 | D:1      | Reached skill level 1 in Throwing
   336 | D:1      | Reached XP level 2. HP: 28/28 MP: 2/2
   715 | D:2      | Found a shadowy altar of Dithmenos.
   729 | D:2      | Reached XP level 3. HP: 33/35 MP: 3/3
   753 | D:2      | Learned a level 2 spell: Blink
  1023 | D:2      | Reached XP level 4. HP: 43/44 MP: 4/4
  1373 | D:3      | Reached XP level 5. HP: 39/50 MP: 5/5
  1586 | D:3      | Reached skill level 3 in Translocations
  1803 | D:3      | Found a runed translucent door.
  1804 | D:3      | Noticed Crazy Yiuf
  1851 | D:3      | Killed Crazy Yiuf
  1928 | D:4      | Mangled by a hornet zombie

Illustrated notes

Levels and vault maps discovered:
D:1:      dpeg_arrival_pits, layout_basic
D:2:      minmay_skewed_foursquare, layout_rooms, nrook_loot_triangle,
          nicolae_dithmenos_shadow_blocks
D:3:      layout_loops_ring, chequers_serial_rivers_small_a,
          uniq_crazy_yiuf_cottage
D:4:      layout_basic, corner_web_ring, xom_teletrap_fun, uniq_edmund

Skill      XL: |  1  2  3  4  5 |
---------------+----------------+-----
Throwing       | 1 |  1.7
Dodging        | 2 |  2.9
Fighting       | 2 |  2.8
Translocations | 3 |  3.1
Unarmed Combat | |  2.0
Spellcasting   | |  1.2

Action                   |  1- 3 |  4- 6 || total
-------------------------+-------+-------++-------
Melee: Unarmed           |   129 |   130 ||   259
       Punch             |       |     2 ||     2
Throw: Boomerang         |       |     1 ||     1
  Use: Potion            |       |     1 ||     1
Armor: Robe              |    54 |    40 ||    94
Dodge: Dodged            |    79 |    76 ||   155

Table legend: (Time is in decaauts)
 A = Elapsed time spent in this place.
 B = Non-inter-level travel time spent in this place.
 C = Inter-level travel time spent in this place.
 D = Time resting spent in this place.
 E = Time spent auto-exploring this place.
 F = Levels seen in this place.
 G = Mean time per level.
                   A        B        C        D        E       F      G
               +--------+--------+--------+--------+--------+-----+--------+
         Total |   1919 |   1858 |     61 |      0 |   1370 |   4 |  479.8 |
       Dungeon |   1919 |   1858 |     61 |      0 |   1370 |   4 |  479.8 |
               +--------+--------+--------+--------+--------+-----+--------+

Top non-repeatable levels by time:
     D:3: 757 daAuts
     D:1: 710 daAuts
     D:2: 419 daAuts
     D:4: 31 daAuts
